 Dungeon Crawl Stone Soup version 0.18.1-48-g4cf74bf (webtiles) character file.

547 Alarkh the Sneak (level 7, -2/49 HPs)
             Began as a Vampire Skald on July 17, 2016.
             Slain by an adder (5 damage)
             ... on level 3 of the Dungeon.
             The game lasted 00:06:54 (3151 turns).

Alarkh the Sneak (Vampire Skald)                    Turns: 3151, Time: 00:06:55

Health: -2/49      AC:  3    Str:  8 (11) XL:     7   Next: 7%
Magic:  10/10      EV: 11    Int: 14 (16) God:
Gold:   161        SH:  0    Dex: 11 (14) Spells: 4 memorised, 1 level left

rFire  + . .     SeeInvis +     a - +1 falchion
rCold  . . .     Gourm    .     j - +0 robe {rF+}
rNeg   . . .     Faith    .     (no shield)
rPois  .         Spirit   .     (no helmet)
rElec  .         Dismiss  .     (no cloak)
rCorr  +         Reflect  .     (no gloves)
SustAt .         Harm     .     s - +0 pair of boots
MR     .....                    (no amulet)
Stlth  ++++......               (no ring)
                                h - ring of resist corrosion

@: lethally poisoned (-2 -> -16), flying, regenerating quickly, not resistant to
hostile enchantments, stealthy
A: fangs 3, see invisible, unbreathing
a: no special abilities


You were on level 3 of the Dungeon.
You were full.

You visited 1 branch of the dungeon, and saw 4 of its levels.
You also visited: Sewer.

You collected 161 gold pieces.

Inventory:

Hand Weapons
 a - a +1 falchion (weapon)
Armour
 b - a +1 leather armour
 j - a +0 robe of fire resistance (worn)
 s - a +0 pair of boots (worn)
Jewellery
 h - a ring of resist corrosion (left hand)
 m - an uncursed amulet of dismissal
Wands
 t - a wand of lightning (7/15)
Scrolls
 e - 2 scrolls of enchant armour
 f - 2 scrolls of remove curse
 g - 2 scrolls of noise
 k - 4 scrolls of recharging
Potions
 d - 21 potions of blood
 n - 5 potions of curing
 o - a potion of flight
 p - 2 potions of heal wounds
Books
 c - a book of Battle

   Spells                             Type                      Level
   a - Infusion                       Charms                       1
   b - Shroud of Golubria             Charms/Translocation         2
   c - Song of Slaying                Charms                       2
   d - Spectral Weapon                Hexes/Charms                 3
   e - Regeneration                   Charms/Necromancy            3


   Skills:
 - Level 1.7 Fighting
 * Level 6.4 Long Blades
 - Level 0.7 Armour
 - Level 1.1 Dodging
 + Level 6.6 Stealth
 - Level 2.0 Spellcasting
 - Level 3.2 Charms


You had one spell level left.
You knew the following spells:

 Your Spells              Type           Power        Failure   Level  Hunger
a - Infusion              Chrm           ##..         10%         1    ##.....
b - Shroud of Golubria    Chrm/Tloc      #.........   21%         2    ###....
c - Spectral Weapon       Hex/Chrm       #.......     38%         3    ####...
e - Regeneration          Chrm/Necr      #.........   38%         3    ####...


Dungeon Overview and Level Annotations

Branches:
Dungeon (4/15)
 Temple: D:4-7

Altars:
Sif Muna
Xom
The Shining One

Annotations:
D:4 Edmund, Pikel


Innate Abilities, Weirdness & Mutations

Your natural rate of healing is unusually fast.
You have razor-sharp teeth.
You have supernaturally acute eyesight.
You can survive without breathing.


Message History

You feel sick. The adder bites you.
You are more poisoned.
The adder poisons you!
There is a stone staircase leading up here.
You feel sick. The adder closely misses you. The worker ant bites you!
* * * LOW HITPOINT WARNING * * *
You fly upwards.
You feel sick.
There is a stone staircase leading down here.
You miss the adder.
You feel sick. The adder bites you.
* * * LOW HITPOINT WARNING * * *
You are lethally poisoned!
The adder poisons you! The worker ant bites you.
* * * LOW HITPOINT WARNING * * *
You are more poisoned.
The worker ant poisons you!
You miss the adder.
* * * LOW HITPOINT WARNING * * *
You feel sick. The adder bites you but does no damage.
The worker ant closely misses you. The adder bites you.
You die...

.#.# #.# #.#.>[## .#.#
########.##########.##.#.. .#.##
#...................##.#.#
....####.######.#########>.#.....
.........# #.# ###..#.#...
....###### #.# #......#... ##.##
#.# #.#...###.. ##.#
#.#######....##.##. ...#
#a@S...[....##...## ####
####.......##.....# ######
######..#...##....... .....#
#.........###...._... ####.#
#.####.##...##....... #.# #.#
#.####..##.....' #.# #.# #.#
##..##...## #.# ##.## #.#
#...##.##. #.# ##.#.###.#
#.#..###..


You could see a worker ant and an adder.

Vanquished Creatures
  Sigmund (D:2)
  A slave (D:3)
  3 big kobolds (Sewer)
  An orc wizard (D:3)
  4 adders
  An ooze (D:1)
  2 worms (D:3)
  2 dart slugs
  6 giant geckos
  5 orcs (D:3)
  3 ball pythons
  4 bats
  4 giant cockroaches
  13 goblins
  6 hobgoblins
  3 jackals (D:1)
  4 giant newts
  16 kobolds
  11 rats
90 creatures vanquished.

Vanquished Creatures (others)
  2 spectral weapons (Sewer)
2 creatures vanquished.

Grand Total: 92 creatures vanquished

Notes
Turn   | Place    | Note
--------------------------------------------------------------
     0 | D:1      | Alarkh the Vampire Skald began the quest for the Orb.
     0 | D:1      | Reached XP level 1. HP: 16/16 MP: 3/3
   107 | D:1      | Reached skill level 1 in Stealth
   107 | D:1      | Reached XP level 2. HP: 14/22 MP: 5/5
   503 | D:1      | Reached XP level 3. HP: 25/27 MP: 6/6
   735 | D:2      | Found a deep blue altar of Sif Muna.
  1177 | D:2      | Learned a level 2 spell: Shroud of Golubria
  1181 | D:2      | Learned a level 3 spell: Spectral Weapon
  1373 | D:2      | Noticed Sigmund
  1429 | D:2      | Killed Sigmund
  1429 | D:2      | Reached skill level 5 in Stealth
  1429 | D:2      | Reached XP level 4. HP: 15/33 MP: 1/7
  1429 | D:2      | Reached XP level 5. HP: 17/38 MP: 1/8
  1576 | D:2      | Reached skill level 5 in Long Blades
  1752 | D:3      | Found a glowing drain.
  1785 | Sewer    | Entered a sewer
  1875 | Sewer    | Reached XP level 6. HP: 8/44 MP: 6/9
  2595 | D:3      | Reached XP level 7. HP: 44/49 MP: 4/10
  2713 | D:3      | Found a glowing golden altar of the Shining One.
  2950 | D:4      | Noticed Pikel
  2978 | D:3      | Learned a level 3 spell: Regeneration
  2989 | D:4      | Noticed Edmund
  3081 | D:4      | Found a shimmering altar of Xom.
  3151 | D:3      | Slain by an adder

Skill      XL: |  1  2  3  4  5  6 |
---------------+-------------------+-----
Stealth        | 1 2 5 6 |  6.6
Long Blades    | 3 4 5 6 |  6.4
Fighting       | |  1.7
Armour         | |  0.7
Dodging        | |  1.1
Spellcasting   | |  2.0
Charms         | |  3.2

Action                   |  1- 3 |  4- 6 |  7- 9 || total
-------------------------+-------+-------+-------++-------
Melee: Falchion          |   106 |   148 |    25 ||   279
       Bite              |     8 |     9 |     2 ||    19
 Cast: Spectral Weapon   |     2 |     3 |     1 ||     6
       Infusion          |       |     9 |     1 ||    10
       Shroud of Golubri |       |     2 |       ||     2
       Regeneration      |       |       |     1 ||     1
  Use: Scroll            |     5 |       |     5 ||    10
       Potion            |     1 |    14 |     4 ||    19
 Stab: Sleeping          |     3 |    11 |     2 ||    16
       Distracted        |     1 |     1 |       ||     2
Armor: Leather armour    |    21 |       |       ||    21
       Robe              |       |    23 |     5 ||    28
Dodge: Dodged            |    63 |    88 |    35 ||   186
